 Dungeon Crawl Stone Soup version 0.28-a0-604-g249bb1af34 (webtiles) character file.

Game seed: 8016944537702983528

17 CurlyBrace the Sneak (level 2, -3/11 HPs)
             Began as a Felid Fire Elementalist on Oct 5, 2021.
             Slain by an orc (6 damage)
             ... on level 2 of the Dungeon.
             The game lasted 00:03:34 (346 turns).

CurlyBrace the Sneak (Felid Fire Elementalist)       Turns: 346, Time: 00:03:34

Health: -3/11      AC:  1    Str:  4    XL:     2   Next: 44%
Magic:  1/6        EV: 17    Int: 16    God:
Gold:   16         SH:  0    Dex: 16    Spells: 2/5 levels left
                                        Lives:  0   Deaths: 0

rFire   . . .      SeeInvis +   (weapon unavailable)
rCold   . . .      Faith    .   (shield unavailable)
rNeg    . . .      Spirit   .   (armour unavailable)
rPois   .          Reflect  .   (helmet unavailable)
rElec   .          Harm     .   (cloak unavailable)
rCorr   .          Rampage  .   (gloves unavailable)
Will    .....                   (boots unavailable)
Stlth   ++........              (no amulet)
HPRegen 0.03/turn               (no ring)
MPRegen 0.10/turn               (no ring)

@: hasted, very quick
A: very small, claws 1, fangs 3, see invisible, speed 1, shaggy fur 1, stealthy
paws, no weapons or thrown items, no armour, multi-lived
a: no special abilities


You were on level 2 of the Dungeon.
You visited 1 branch of the dungeon, and saw 2 of its levels.

You collected 16 gold pieces.

You aren't carrying anything.


   Skills:
 - Level 2.6 Dodging
 - Level 3.0 Stealth
 * Level 2.3 Spellcasting
 + Level 1.1 Conjurations
 * Level 3.0 Fire Magic


You had 2 spell levels left.
You knew the following spells:

 Your Spells              Type           Power      Damage    Failure   Level
a - Foxfire               Conj/Fire      32%        2x1d5     9%          1
b - Scorch                Fire           22%        2d6       9%          2

Your spell library contained the following spells:

 Spells                   Type           Power      Damage    Failure   Level
 Conjure Flame            Conj/Fire      8%         6-21      26%         3
 Inner Flame              Hex/Fire       6%         N/A       32%         3
 Flame Wave               Conj/Fire      8%         3d4       63%         4


Dungeon Overview and Level Annotations

Branches:
Dungeon (2/15)

Altars:


Innate Abilities, Weirdness & Mutations

You have sharp claws.
You have razor-sharp teeth.
You have supernaturally acute eyesight. (SInv)
You cover ground quickly. (Speed+)
You are covered in fur. (AC +1)
Your paws help you pounce on unaware monsters.
You are incapable of wielding weapons or throwing items.
You cannot wear armour.
You gain extra lives every three experience levels.


Message History

Confirm with . or Enter, or press ? or * to list all spells.
You conjure some foxfire!
The foxfire hits the orc.
The orc is almost dead.
You scratch the orc.
You kill the orc!
Your foxfire dissipates!
You aren't carrying any potions.
Unknown command.
You scratch the orc.
The orc is heavily wounded.
The orc barely misses you.
You scratch the orc but do no damage.
The orc is heavily wounded.
Your magical contamination has completely faded away.
You scratch the orc.
The orc is severely wounded.
The orc barely misses you.
You scratch the orc but do no damage.
The orc is severely wounded.
The orc misses you.
You scratch the orc.
You kill the orc!
Your Fire Magic skill increases to level 3!
You closely miss the orc. The orc completely misses you.
You scratch the orc.
The orc is heavily wounded.
You scratch the orc but do no damage.
The orc is heavily wounded.
The orc misses you.
You scratch the orc.
The orc is almost dead.
The orc hits you with a +0 hand axe.
* * * LOW HITPOINT WARNING * * *
You closely miss the orc.
The orc is almost dead.
You scratch the orc but do no damage. Your bite misses the orc.
The orc is almost dead.
The orc hits you with a +0 hand axe.
Ouch! That really hurt!
You die...

#. #.# #.# #.# # #
#.########.#
.#####........#o####
.................... .#.#
#........############
.#.###.........o@..).....#
..............##########.#
..............# #.#
..............# #.#
..............# #.#
.#†####.......# #o#
......#.......# #o#
......######### #.#
......# #o#


You could see an orc.

Vanquished Creatures
  3 orcs (D:2)
  A bat (D:1)
  2 endoplasms
  A goblin (D:2)
  A hobgoblin (D:2)
  2 ball pythons
  A kobold (D:1)
  2 rats
13 creatures vanquished.

Vanquished Creatures (others)
  23 foxfires
23 creatures vanquished.

Grand Total: 36 creatures vanquished

Notes
Turn   | Place    | Note
-------+----------+-------------------------------------------
     0 | D:1      | CurlyBrace the Felid Fire Elementalist began the quest for
                  | the Orb.
     0 | D:1      | Reached XP level 1. HP: 7/7 MP: 4/4
   105 | D:1      | Reached skill level 1 in Conjurations
   219 | D:2      | Reached XP level 2. HP: 8/11 MP: 3/6
   240 | D:2      | Learned a level 2 spell: Scorch
   346 | D:2      | Slain by an orc

Illustrated notes

Levels and vault maps discovered:
D:1:      dpeg_arrival_round_c, layout_basic
D:2:      layout_basic, serial_shops, nicolae_shop_waterfront

Skill      XL: |  1  2 |
---------------+-------+-----
Conjurations   | 1 |  1.1
Stealth        | 3 |  3.0
Fire Magic     | 3 |  3.0
Dodging        | |  2.6
Spellcasting   | |  2.3

Action                   || total
-------------------------++-------
Melee: Unarmed           ||    24
       Bite              ||     1
 Cast: Foxfire           ||    14
       Scorch            ||     2
  Use: Scroll            ||     1
       Potion            ||     1
 Stab: Sleeping          ||     2
Armor: Skin              ||     3
Dodge: Dodged            ||    15

Table legend: (Time is in decaauts)
 A = Elapsed time spent in this place.
 B = Non-inter-level travel time spent in this place.
 C = Inter-level travel time spent in this place.
 D = Time resting spent in this place.
 E = Time spent auto-exploring this place.
 F = Levels seen in this place.
 G = Mean time per level.
                   A        B        C        D        E       F      G
               +--------+--------+--------+--------+--------+-----+--------+
         Total |    282 |    282 |      0 |      0 |      0 |   2 |  141.0 |
       Dungeon |    282 |    282 |      0 |      0 |      0 |   2 |  141.0 |
               +--------+--------+--------+--------+--------+-----+--------+

Top non-repeatable levels by time:
     D:2: 174 daAuts
     D:1: 108 daAuts
